 Dungeon Crawl Stone Soup version 0.27-a0-1188-g73eefd5def (webtiles) character file.

Game seed: 4711270468341479799

9983 Glokmah the Dancer (level 11, -4/87 HPs)
             Began as a Demonspawn Monk on May 21, 2021.
             Was an Initiate of Uskayaw.
             Slain by an elephant (12 damage)
             ... on level 2 of the Lair of Beasts.
             The game lasted 00:18:09 (14806 turns).

Glokmah the Dancer (Demonspawn Monk)               Turns: 14806, Time: 00:18:09

Health: -4/87      AC: 14    Str: 14    XL:     11   Next: 30%
Magic:  12/21      EV: 11    Int: 12    God:    Uskayaw [......]
Gold:   579        SH:  0    Dex: 16    Spells: 10/10 levels left

rFire    + . .     SeeInvis .   a - +3 war axe (flame)
rCold    + . .     Faith    .   (no shield)
rNeg     . . .     Spirit   .   h - +3 ring mail {rF+}
rPois    .         Reflect  .   f - +2 helmet
rElec    .         Harm     .   (no cloak)
rCorr    .         Rampage  .   (no gloves)
Will     .....                  (no boots)
Stlth    +.........             d - amulet of the acrobat
HPRegen  0.24/turn              r - ring of wizardry
MPRegen  0.17/turn              x - ring of protection from cold

@: lethally poisoned (-4 -> -32)
A: claws 1, thin metallic scales 2, demonic guardian 1, foul stench 3
a: Renounce Religion


You were on level 2 of the Lair of Beasts.
You worshipped Uskayaw.
Uskayaw was pleased with you.
You visited 2 branches of the dungeon, and saw 11 of its levels.

You collected 579 gold pieces.

Inventory:

Hand Weapons
 a - a +3 war axe of flaming (weapon)
Missiles
 l - 2 javelins
 o - 2 curare-tipped darts
 q - 3 silver boomerangs
Armour
 f - a +2 helmet (worn)
 h - a +3 ring mail of fire resistance (worn)
Jewellery
 d - an amulet of the acrobat (around neck)
 r - a ring of wizardry (left claw)
 x - a ring of protection from cold (right claw)
Wands
 i - a wand of flame (54)
 j - a wand of iceblast (35) (quivered)
 m - a wand of charming (13)
 s - a wand of digging (5)
 v - a wand of paralysis (10)
Scrolls
 b - a scroll of vulnerability
 p - 4 scrolls of enchant armour
Potions
 c - 2 potions of curing
 e - 2 potions of degeneration
 g - a potion of mutation
 k - a potion of attraction {unknown}
 n - a potion of brilliance {unknown}
 t - a potion of resistance {unknown}
 u - a potion of haste {unknown}
 w - a potion of heal wounds {unknown}


   Skills:
 + Level 8.6 Fighting
 * Level 10.8 Axes
 - Level 2.6 Dodging
 - Level 1.7 Stealth
 * Level 13.8 Invocations


You had 10 spell levels left.
You didn't know any spells.
Your spell library contained the following spells:

 Spells                   Type           Power      Damage    Failure   Level
 Animate Skeleton         Necr           0%         N/A       26%         1
 Corona                   Hex            0%         N/A       26%         1
 Pain                     Necr           0%         1d4       26%         1
 Slow                     Hex            0%         N/A       38%         2
 Confusing Touch          Hex            0%         N/A       58%         3
 Gell's Gravitas          Tloc           0%         N/A       58%         3
 Inner Flame              Hex/Fire       0%         N/A       58%         3
 Portal Projectile        Hex/Tloc       0%         N/A       58%         3
 Vampiric Draining        Necr           0%         2d6       58%         3
 Animate Dead             Necr           0%         N/A       92%         4
 Cause Fear               Hex            0%         N/A       92%         4
 Leda's Liquefaction      Hex/Erth       0%         N/A       92%         4
 Petrify                  Tmut/Erth      0%         N/A       92%         4
 Agony                    Necr           0%         N/A       99%         5
 Metabolic Englaciation   Hex/Ice        0%         N/A       99%         5
 Yara's Violent Unravell  Hex/Tmut       0%         3d3       99%         5


Dungeon Overview and Level Annotations

Branches:
Dungeon (9/15)             Temple (0/1) D:5            Lair (2/6) D:9
  Swamp (0/4) Lair:2
  Snake: Lair:2-4    Spider: Lair:2-4       Orc: D:9-12

Altars:
Ashenzari
Cheibriados
Fedhas
Gozag
Hepliaklqana
Okawaru
Ru
Sif Muna
Uskayaw
Vehumet
Wu Jian
The Shining One

Shops:
D:2 [(

Annotations:
D:3 3 runed translucent doors, Sergey's ghost, weakling DEEE


Innate Abilities, Weirdness & Mutations

You have sharp fingernails.
You are mostly covered in thin metallic scales. (AC +3)
A weak demonic guardian rushes to your aid.
You frequently emit foul miasma when damaged in melee.


Message History

The cane toad poisons you! The elephant tramples you!
You hold your ground!
You emit a cloud of foul miasma!
The elephant trunk-slaps you.
You can now stomp with the beat.
You hit the elephant. You burn the elephant.
The elephant is heavily wounded.
You hit the cane toad but do no damage.
You feel very sick. The cane toad misses you.
The elephant is engulfed in dark miasma.
The elephant is poisoned.
The elephant tramples you.
You hold your ground!
The elephant trunk-slaps you but does no damage.
You stomp with the beat, sending a shockwave through the revellers around you!
The elephant is severely wounded.
The cane toad is almost dead.
The yak is heavily wounded.
You can no longer stomp with the beat.
You feel very sick.
The yak bellows!
The cane toad stings you!
You are lethally poisoned!
The cane toad poisons you! The yak barely misses you.
Your iron imp hits the cane toad but does no damage.
The elephant is engulfed in dark miasma.
The elephant looks even sicker.
The elephant seems to slow down.
The elephant tramples you but does no damage.
The elephant trunk-slaps you but does no damage.
The cane toad stings you!!
* * * LOW HITPOINT WARNING * * *
You emit a cloud of foul miasma!
You can now stomp with the beat.
You stomp with the beat, sending a shockwave through the revellers around you!
The elephant is almost dead.
You kill the cane toad!
The yak is severely wounded.
The elephant is moderately wounded.
You can no longer stomp with the beat.
* * * LOW HITPOINT WARNING * * *
You feel extremely sick. The elephant tramples you!
You die...

.............♣≈≈
.............♣≈≈
..........>..;≈≈Y ###
#?...........#≈Y≈≈ #.###
.............#Y≈;P ##...#
##..........Y.≈≈P≈ #....#
#P.......Y....≈≈P≈ .....#
#.....☼@Y....≈P≈.
.....####.#...5..Y........
........# ###.............
....).### ##........#...
......# ####...###........
.....## #....### ###.#....
....## ##.†P#.### ## ##.
....# ##.........
.#######....>.....


You could see 3 elephants, 3 yaks, an electric eel and a friendly iron imp
(summoned).

Vanquished Creatures
  Sonja (Lair:1)
  An oklob plant (Lair:1)
  7 cane toads
  2 komodo dragons (Lair:2)
  A troll (D:9)
  4 wyverns
  A basilisk (Lair:1)
  3 yaks (D:9)
  An acid dragon (D:9)
  6 water moccasins
  A black bear (Lair:1)
  A sky beast (D:6)
  An ice beast (D:7)
  2 orc warriors
  A hornet zombie (D:7)
  2 necrophages (D:6)
  4 ogres
  5 wolves (D:9)
  2 centaurs (D:8)
  2 kobold brigands (D:8)
  A phantom (D:6)
  5 bullfrogs
  A scorpion (D:4)
  A water moccasin zombie (D:6)
  A wyvern skeleton (D:7)
  2 wyvern zombies (D:7)
  2 water moccasin skeletons
  11 killer bees
  7 wights
  4 electric eels
  2 howler monkeys (D:9)
  6 centaur zombies
  A centaur skeleton (D:6)
  3 hounds
  5 orc priests
  A bullfrog skeleton (D:5)
  3 jellies
  An iguana (D:5)
  15 orc wizards
  A statue (D:4)
  2 hound skeletons (D:4)
  A howler monkey zombie (D:5)
  A howler monkey skeleton (D:6)
  2 adders (D:4)
  An ufetubus (D:6)
  4 dart slugs
  34 orcs
  8 ball pythons
  7 endoplasms
  5 giant cockroaches
  11 goblins
  4 hobgoblins
  15 jackals
  6 quokkas
  2 bats (D:3)
  3 frilled lizards
  10 kobolds
  5 rats
242 creatures vanquished.

Vanquished Creatures (others)
  A fungus (Lair:1)
  11 plants
12 creatures vanquished.

Grand Total: 254 creatures vanquished

Notes
Turn   | Place    | Note
-------+----------+-------------------------------------------
     0 | D:1      | Glokmah the Demonspawn Monk began the quest for the Orb.
     0 | D:1      | Reached XP level 1. HP: 18/18 MP: 1/1
   574 | D:1      | Gained mutation: You may rarely emit foul miasma when
                  | damaged in melee. [demonic ancestry]
   574 | D:1      | Reached XP level 2. HP: 15/24 MP: 2/2
  1322 | D:1      | Gained mutation: You are partially covered in thin metallic
                  | scales. (AC +2) [demonic ancestry]
  1322 | D:1      | Reached XP level 3. HP: 26/29 MP: 3/3
  2218 | D:2      | Found Fajag's Weapon Boutique.
  2392 | D:2      | Found Upty's Antique Armour Emporium.
  2691 | D:3      | Found a hide-covered altar of Uskayaw.
  2695 | D:3      | Became a worshipper of Uskayaw the Reveller
  2695 | D:3      | Reached * piety under Uskayaw
  2945 | D:3      | Found a runed translucent gate.
  2946 | D:3      | Found a runed translucent gate.
  2946 | D:3      | Found a runed translucent gate.
  2950 | D:3      | Noticed Sergey's ghost (weakling DEEE)
  2952 | D:3      | Found a blossoming altar of Fedhas.
  3068 | D:3      | Found an ornate altar of the Wu Jian Council.
  3213 | D:3      | Noticed an ogre
  3219 | D:3      | Killed an ogre
  3219 | D:3      | Reached ** piety under Uskayaw
  3220 | D:3      | Reached skill level 2 in Invocations
  3220 | D:3      | Gained mutation: You sometimes emit foul miasma when
                  | damaged in melee. [demonic ancestry]
  3220 | D:3      | Reached XP level 4. HP: 20/37 MP: 0/5
  3222 | D:3      | Gained mutation: You have sharp fingernails. [demonic
                  | ancestry]
  3222 | D:3      | Reached XP level 5. HP: 23/42 MP: 0/6
  3478 | D:3      | Found a broken altar of Ashenzari.
  3768 | D:4      | Reached skill level 3 in Invocations
  3776 | D:4      | Reached *** piety under Uskayaw
  3777 | D:4      | Reached **** piety under Uskayaw
  3779 | D:4      | Reached ***** piety under Uskayaw
  3810 | D:4      | Reached skill level 4 in Invocations
  3810 | D:4      | Reached XP level 6. HP: 17/48 MP: 3/9
  4015 | D:4      | Reached skill level 5 in Axes
  4214 | D:4      | Found an opulent altar of Gozag.
  4250 | D:4      | Reached skill level 5 in Invocations
  4270 | D:4      | Found a radiant altar of Vehumet.
  4445 | D:4      | Found an iron altar of Okawaru.
  4453 | D:4      | Gained mutation: You frequently emit foul miasma when
                  | damaged in melee. [demonic ancestry]
  4453 | D:4      | Reached XP level 7. HP: 55/55 MP: 9/11
  4953 | D:4      | Reached skill level 6 in Invocations
  4987 | D:5      | Entered Level 5 of the Dungeon
  5127 | D:5      | Found a staircase to the Ecumenical Temple.
  5153 | D:5      | Reached skill level 5 in Fighting
  5886 | D:6      | Reached skill level 7 in Invocations
  5886 | D:6      | Reached XP level 8. HP: 39/62 MP: 13/13
  6357 | D:6      | Found a snail-covered altar of Cheibriados.
  6357 | D:6      | Noticed a torpor snail
  6357 | D:6      | Noticed a torpor snail
  6473 | D:6      | Reached skill level 8 in Invocations
  6553 | D:6      | Noticed a torpor snail
  6689 | D:6      | Found a shimmering blue altar of Sif Muna.
  7520 | D:7      | Reached skill level 9 in Invocations
  7599 | D:7      | Reached XP level 9. HP: 65/69 MP: 15/15
  8211 | D:7      | Reached skill level 10 in Invocations
  9514 | D:9      | Noticed a troll
  9525 | D:9      | Reached skill level 11 in Invocations
  9528 | D:9      | Killed a troll
  9542 | D:9      | Gained mutation: A weak demonic guardian rushes to your
                  | aid. [demonic ancestry]
  9542 | D:9      | Reached XP level 10. HP: 21/79 MP: 5/18
 10292 | D:9      | Found a staircase to the Lair.
 10391 | D:9      | Found a sacrificial altar of Ru.
 10704 | D:9      | Reached skill level 12 in Invocations
 11927 | Lair:1   | Entered Level 1 of the Lair of Beasts
 11932 | Lair:1   | Noticed a cane toad
 11935 | Lair:1   | Noticed a cane toad
 11935 | Lair:1   | Noticed a cane toad
 11940 | Lair:1   | Killed a cane toad
 11951 | D:9      | HP: 4/80 [poisoned by a cane toad]
 12309 | Lair:1   | Killed a cane toad
 12312 | Lair:1   | Killed a cane toad
 12313 | Lair:1   | Reached skill level 10 in Axes
 12333 | Lair:1   | Noticed a cane toad
 12340 | Lair:1   | Killed a cane toad
 12711 | Lair:1   | Reached skill level 13 in Invocations
 12983 | Lair:1   | Found a hazy altar of Hepliaklqana.
 12984 | Lair:1   | Noticed an oklob plant
 13237 | Lair:1   | Noticed Sonja
 13244 | Lair:1   | Killed Sonja
 13245 | Lair:1   | Gained mutation: You are mostly covered in thin metallic
                  | scales. (AC +3) [demonic ancestry]
 13245 | Lair:1   | Reached XP level 11. HP: 66/86 MP: 16/20
 13587 | Lair:1   | Killed an oklob plant
 14438 | Lair:2   | Found a staircase to the Swamp.
 14806 | Lair:2   | Slain by an elephant

Illustrated notes

Levels and vault maps discovered:
D:1:      erik_arrival_blinker_ship, layout_basic, chequers_serial_rivers_room_a
D:2:      layout_basic, serial_shops, nicolae_shop_competitors_out_of_business,
          nicolae_shop_temple_entry_statues_fountains, serial_park_tiny_2
D:3:      layout_basic, lemuel_crystal_altar, fedhas_altar_3,
          nicolae_ashenzari_skybound, nzn_wu_jian_contemplation,
          gammafunk_ghost_necromancy, chequers_serial_rivers_micro_a
D:4:      cheibrodos_pilgrimage, layout_rooms, lemuel_coloured_pillars_altar,
          nicolae_overflow_hidden_temple, vehumet_statue, gup_sewer_entry_pipe
D:5:      layout_basic, minmay_temple_entry_arrows, hex_intersection
D:6:      layout_basic, general_overflow_altar, cheibriados_altar_2
D:7:      layout_loops_ring, kennysheep_little_box
D:8:      layout_rooms
D:9:      layout_loops_cross, lemuel_tele_altar, erik_lair_island, eino_jars
Lair:1:   layout_roguey, lemuel_oklob_altar, infiniplex_staircase_pool,
          grunt_megastairs_3, uniq_sonja
Lair:2:   layout_cave_pods, swamp_mist, spider_nest_entry_web_field,
          chequers_serial_rivers_large_b, serial_bayou_shore_a

Skill      XL: |  1  2  3  4  5  6  7  8  9 10 |
---------------+-------------------------------+-----
Axes           | 3 4 5 6 7 9 10 | 10.8
Invocations    | 2 4 5 7 9 11 13 | 13.8
Fighting       | 4 5 6 7 8 |  8.6
Dodging        | |  2.6
Stealth        | |  1.7

Action                   |  1- 3 |  4- 6 |  7- 9 | 10-12 || total
-------------------------+-------+-------+-------+-------++-------
Melee: Hand axe          |   172 |       |       |       ||   172
       War axe           |     2 |    81 |   289 |   175 ||   547
Invok: Stomp             |     1 |     2 |     7 |    17 ||    27
       Line Pass         |       |     1 |     3 |     1 ||     5
Evoke: Wand              |       |       |       |     1 ||     1
  Use: Potion            |     1 |       |       |       ||     1
       Scroll            |       |     4 |     4 |     4 ||    12
 Stab: Sleeping          |     4 |     1 |     2 |     2 ||     9
       Distracted        |     1 |       |       |       ||     1
       Paralysed         |       |     2 |    12 |     2 ||    16
Armor: Robe              |    30 |       |       |       ||    30
       Skin              |    27 |       |       |       ||    27
       Ring mail         |     3 |    40 |   137 |    79 ||   259
Dodge: Dodged            |   112 |    56 |   240 |   106 ||   514

Table legend: (Time is in decaauts)
 A = Elapsed time spent in this place.
 B = Non-inter-level travel time spent in this place.
 C = Inter-level travel time spent in this place.
 D = Time resting spent in this place.
 E = Time spent auto-exploring this place.
 F = Levels seen in this place.
 G = Mean time per level.
                   A        B        C        D        E       F      G
               +--------+--------+--------+--------+--------+-----+--------+
         Total |  14923 |  14257 |    666 |   1917 |  10275 |  11 | 1356.6 |
       Dungeon |  12712 |  12068 |    644 |   1548 |   8693 |   9 | 1412.4 |
          Lair |   2211 |   2189 |     22 |    369 |   1582 |   2 | 1105.5 |
               +--------+--------+--------+--------+--------+-----+--------+

Top non-repeatable levels by time:
     D:9: 3103 daAuts
     D:1: 1810 daAuts
     D:6: 1539 daAuts
     D:7: 1440 daAuts
     D:4: 1330 daAuts
  Lair:1: 1189 daAuts
     D:3: 1075 daAuts
  Lair:2: 1021 daAuts
     D:5: 932 daAuts
     D:2: 898 daAuts
     D:8: 580 daAuts
